 Dungeon Crawl Stone Soup version 0.22-a0-439-gac93bac (webtiles) character file.

156 Borgoz the Ruffian (level 5, 0/45 HPs)
             Began as a Ghoul Gladiator on May 29, 2018.
             Slain by a gnoll (4 damage)
             ... on level 2 of the Dungeon.
             The game lasted 00:04:35 (1697 turns).

Borgoz the Ruffian (Ghoul Gladiator)                Turns: 1697, Time: 00:04:36

Health: 0/45       AC:  4    Str: 18    XL:     5   Next: 37%
Magic:  4/4        EV: 13    Int:  3    God:
Gold:   62         SH:  0    Dex: 11    Spells: 4/4 levels left

rFire    . . .     SeeInvis .     - Unarmed
rCold    + . .     Gourm    .   (no shield)
rNeg     + + +     Faith    .   a - +0 leather armour
rPois    ∞         Spirit   .   b - +0 helmet
rElec    .         Reflect  .   (no cloak)
rCorr    .         Harm     .   (no gloves)
MR       .....                  (no boots)
Stlth    +.........             (no amulet)
HPRegen  0.00/turn              (no ring)
MPRegen  0.09/turn              (no ring)

@: rotting
A: rotting body, claws 1, carnivore, cold resistance 1, negative energy
resistance 3, inhibited regeneration, torment resistance, unbreathing
a: no special abilities


You were on level 2 of the Dungeon.
You were not hungry.

You visited 1 branch of the dungeon, and saw 3 of its levels.

You collected 62 gold pieces.

Inventory:

Missiles
 c - 3 throwing nets (quivered)
Armour
 a - a +0 leather armour (worn)
 b - a +0 helmet (worn)
Jewellery
 q - an uncursed ring of magical power {unknown}
Scrolls
 h - a scroll of enchant weapon {unknown}
 i - a scroll of identify {unknown}
 j - 4 scrolls of immolation {unknown}
 k - a scroll of fear {unknown}
 l - 2 scrolls of noise {unknown}
 m - a scroll of enchant armour {unknown}
Potions
 e - a potion of might {unknown}
 g - a potion of mutation {unknown}
 n - a potion of agility {unknown}
 o - a potion of curing {unknown}
 p - a potion of lignification {unknown}
Comestibles
 d - 5 rations


   Skills:
 + Level 3.1 Fighting
 - Level 1.7 Throwing
 * Level 2.3 Armour
 * Level 3.8 Dodging
 + Level 3.9 Unarmed Combat


You had 4 spell levels left.
You didn't know any spells.
Your spell library was empty.

Dungeon Overview and Level Annotations

Branches:
Dungeon (3/15)

Altars:
Cheibriados
Dithmenos


Innate Abilities, Weirdness & Mutations

Your body is rotting away.
You thrive on raw meat.
You are immune to poison.
You have sharp fingernails.
You are carnivorous and can eat meat at any time.
Your flesh is cold resistant. (rC+)
You are immune to negative energy. (rN+++)
You do not regenerate when monsters are visible.
You are immune to unholy pain and torment.
You can survive without breathing.


Message History

The gnoll misses you.
The gnoll hits you from afar with a spear.
You see here a bat skeleton.
There is a stone staircase leading up here.
The gnoll barely misses you.
You climb upwards.
There is a stone staircase leading down here.
You are too injured to fight recklessly!
You scratch the gnoll.
The gnoll is moderately wounded.
The gnoll hits you.
* * * LOW HITPOINT WARNING * * *
You closely miss the gnoll.
The gnoll is moderately wounded.
The gnoll hits you!
* * * LOW HITPOINT WARNING * * *
You scratch the gnoll.
The gnoll is severely wounded.
The gnoll hits you.
You die...

.........####.##.##.#
.........# #.##.##.#
.).......# #.....(.#
##....#### #####.####
##...# #....(..#
#...# #...#.#.# #.###
#.....#.# ##'##
#...###.# ##...##
#....@g.# #.....##
##.######
.......######.####
.(......#........#
........)........#
........#.##.....#
.......##.###.#..#
#.....###.# ###..#
##...## #.#####..#


You could see a gnoll.

Vanquished Creatures
  5 gnolls
  5 adders
  3 worms
  3 leopard geckos
  3 giant cockroaches
  7 goblins
  7 hobgoblins
  2 jackals (D:1)
  4 kobolds
  2 ball pythons
  7 bats
  3 frilled lizards (D:1)
  A rat (D:2)
52 creatures vanquished.

Notes
Turn   | Place    | Note
-------+----------+-------------------------------------------
     0 | D:1      | Borgoz the Ghoul Gladiator began the quest for the Orb.
     0 | D:1      | Reached XP level 1. HP: 17/17 MP: 0/0
    39 | D:1      | Reached XP level 2. HP: 14/24 MP: 1/1
   250 | D:1      | Reached skill level 1 in Armour
   446 | D:1      | Reached XP level 3. HP: 22/30 MP: 2/2
   707 | D:2      | Reached XP level 4. HP: 35/37 MP: 3/3
   842 | D:2      | Found a snail-covered altar of Cheibriados.
   859 | D:2      | Found a shadowy altar of Dithmenos.
  1219 | D:2      | Reached XP level 5. HP: 41/44 MP: 4/4
  1697 | D:2      | Slain by a gnoll

Vault maps used:
D:1:      dpeg_arrival_fog, hangedman_abyss_or_decor_stabs
D:2:      lemuel_doored_altar, lemuel_crystal_altar
D:3:      kb_forest_paths, first_ration

Skill      XL: |  1  2  3  4 |
---------------+-------------+-----
Dodging        | 3 |  3.8
Armour         | 1 2 |  2.3
Fighting       | 3 |  3.1
Throwing       | |  1.7
Unarmed Combat | |  3.9

Action                   |  1- 3 |  4- 6 || total
-------------------------+-------+-------++-------
Melee: Unarmed           |    95 |   100 ||   195
       Punch             |       |     2 ||     2
 Stab: Sleeping          |       |     1 ||     1
  Eat: Chunk             |     9 |     9 ||    18
Armor: Leather armour    |    36 |    25 ||    61
Dodge: Dodged            |    59 |    49 ||   108

Table legend:
 A = Spawn XP
 B = Non-spawn XP
 C = Spawn XP percentage of total XP
 D = Spawn monster count
 E = Non-spawn monster count
 F = Spawn count percentage of total count
 G = Total turns spent on level
                    A         B        C        D         E        F      G
               +---------+---------+-------+---------+---------+-------+---------
         Total |       0 |     223 |   0.0 |       0 |      52 |   0.0 |  1697
               +---------+---------+-------+---------+---------+-------+---------
           D:1 |       0 |      35 |   0.0 |       0 |      20 |   0.0 |   560
           D:2 |       0 |     138 |   0.0 |       0 |      22 |   0.0 |   771
           D:3 |       0 |      50 |   0.0 |       0 |      10 |   0.0 |   366
               +---------+---------+-------+---------+---------+-------+---------
